| TOP OF THE 1ST |
|
New York Mets batting - Pitching for Atlanta Braves : RHP Robby Benchio
|
|
Pitching: RHP Robby Benchio
|
|
|
Batting: SHB Sean Cook
|
0-0: Ball 1-0: Ball 2-0: Ball 3-0: Called Strike 3-1: Called Strike 3-2: Base on Balls
|
|
Batting: RHB Jeff Jank
|
0-0: Grounds into double play, 6-4-3 (Groundball, 6, EV 100.0 MPH)
|
|
Batting: SHB Jonathan Jenkins
|
0-0: Fly out, F8 (Line Drive, 8RD, EV 94.4 MPH)
|
| Top of the 1st over - 0 runs, 0 hits, 0 errors, 0 left on base; New York 0 - Atlanta 0 |
| BOTTOM OF THE 1ST |
|
Atlanta Braves batting - Pitching for New York Mets : LHP Jose Vega
|
|
Pitching: LHP Jose Vega
|
|
|
Batting: RHB Liangde Li
|
0-0: Called Strike 0-1: Ground out 6-3 (Groundball, 6, EV 105.0 MPH)
|
|
Batting: RHB Tom Beckman
|
0-0: Ball 1-0: Ball 2-0: Called Strike 2-1: Ground out 6-3 (Groundball, 6, EV 111.3 MPH)
|
|
Batting: RHB Butch Kaiser
|
0-0: Ball 1-0: Fly out, F2 (Popup, 25F, EV 89.4 MPH)
|
| Bottom of the 1st over - 0 runs, 0 hits, 0 errors, 0 left on base; New York 0 - Atlanta 0 |
| TOP OF THE 2ND |
|
New York Mets batting - Pitching for Atlanta Braves : RHP Robby Benchio
|
|
Batting: SHB Nelle van den Berg
|
0-0: Ball 1-0: Ball 2-0: Ball 3-0: Base on Balls
|
|
Batting: SHB Javy Rosa
|
0-0: Ball 1-0: Foul Ball, location: 2F 1-1: Foul Ball, location: 2F 1-2: Fielders Choice at 2nd, 1-4 (Groundball, 25, EV 75.0 MPH)
|
|
Batting: SHB Harry Hoop
|
0-0: Ball 1-0: Ball 2-0: Foul Ball, location: 2F 2-1: Ball 3-1: Grounds into double play, 6-4-3 (Groundball, 6, EV 91.9 MPH)
|
| Top of the 2nd over - 0 runs, 0 hits, 0 errors, 0 left on base; New York 0 - Atlanta 0 |
| BOTTOM OF THE 2ND |
|
Atlanta Braves batting - Pitching for New York Mets : LHP Jose Vega
|
|
Batting: SHB Ken Welch
|
0-0: Ball 1-0: Ball 2-0: Ball 3-0: Ground out 3-1 (Groundball, 34, EV 77.5 MPH)
|
|
Batting: RHB Danny Anderson
|
0-0: Ball 1-0: Ball 2-0: Ball 3-0: Called Strike 3-1: Foul Ball, location: 2F 3-2: Base on Balls
|
|
Batting: RHB Itsuo Egami
|
0-0: Ball 1-0: Called Strike 1-1: Grounds into double play, 6-4-3 (Groundball, 6, EV 89.4 MPH)
|
| Bottom of the 2nd over - 0 runs, 0 hits, 0 errors, 0 left on base; New York 0 - Atlanta 0 |
| TOP OF THE 3RD |
|
New York Mets batting - Pitching for Atlanta Braves : RHP Robby Benchio
|
|
Batting: SHB Gus Berry
|
0-0: Called Strike 0-1: Foul Ball, location: 2F 0-2: Strikes out looking
|
|
Batting: LHB Timo Gomez
|
0-0: Ball 1-0: Fly out, F9 (Flyball, 9LM, EV 101.3 MPH)
|
|
Batting: SHB Tomas Caldera
|
0-0: Ball 1-0: Ball 2-0: Ball 3-0: Called Strike 3-1: Ground out 5-3 (Groundball, 56S, EV 66.3 MPH)
|
| Top of the 3rd over - 0 runs, 0 hits, 0 errors, 0 left on base; New York 0 - Atlanta 0 |
| BOTTOM OF THE 3RD |
|
Atlanta Braves batting - Pitching for New York Mets : LHP Jose Vega
|
|
Batting: RHB Francisco Hernandez
|
0-0: Ball 1-0: Ball 2-0: Swinging Strike 2-1: Fly out, F7 (Flyball, 7LS, EV 87.5 MPH)
|
|
Batting: LHB Tom Best
|
0-0: Ball 1-0: Ground out 4-3 (Groundball, 4, EV 78.1 MPH)
|
|
Batting: RHB Kanehisa Kubo
|
0-0: Called Strike 0-1: Ball 1-1: Fly out, F8 (Flyball, 78XD, EV 111.3 MPH)
|
| Bottom of the 3rd over - 0 runs, 0 hits, 0 errors, 0 left on base; New York 0 - Atlanta 0 |
| TOP OF THE 4TH |
|
New York Mets batting - Pitching for Atlanta Braves : RHP Robby Benchio
|
|
Batting: SHB Sean Cook
|
0-0: Swinging Strike 0-1: Foul Ball, location: 2F 0-2: Ball 1-2: SINGLE (Groundball, 34D, EV 98.8 MPH) (infield hit)
|
|
Batting: RHB Jeff Jank
|
0-0: Called Strike 0-1: Ball 1-1: Ball 2-1: SINGLE (Line Drive, 9LS, EV 99.4 MPH) Sean Cook to second
|
|
Batting: SHB Jonathan Jenkins
|
0-0: Ball 1-0: Ball 2-0: Foul Ball, location: 2F 2-1: SINGLE (Line Drive, 3D, EV 103.1 MPH) Sean Cook to third Jeff Jank to second Runner from 3rd tries for Home, throw by RF and OUT! 9-2 Jeff Jank to third Jonathan Jenkins to second
|
|
Batting: SHB Nelle van den Berg
|
0-0: Foul Ball, location: 2F 0-1: Swinging Strike 0-2: Foul Ball, location: 2F 0-2: Ball Wild Pitch! Jeff Jank scores Jonathan Jenkins to third 1-2: Ball 2-2: Ball 3-2: Base on Balls
|
|
Batting: SHB Javy Rosa
|
0-0: Fly out, F8 (Flyball, 78M, EV 87.5 MPH)
|
|
Batting: SHB Harry Hoop
|
0-0: Swinging Strike 0-1: Ball 1-1: Called Strike 1-2: Ball 2-2: Strikes out looking
|
| Top of the 4th over - 1 run, 3 hits, 0 errors, 2 left on base; New York 1 - Atlanta 0 |
| BOTTOM OF THE 4TH |
|
Atlanta Braves batting - Pitching for New York Mets : LHP Jose Vega
|
|
Batting: RHB Liangde Li
|
0-0: Swinging Strike 0-1: Ball 1-1: Ball 2-1: Foul Ball, location: 2F 2-2: Strikes out looking
|
|
Batting: RHB Tom Beckman
|
0-0: Called Strike 0-1: Ground out 4-3 (Groundball, 4M, EV 105.6 MPH)
|
|
Batting: RHB Butch Kaiser
|
0-0: Ball 1-0: Fly out, F2 (Popup, 25F, EV 83.8 MPH)
|
| Bottom of the 4th over - 0 runs, 0 hits, 0 errors, 0 left on base; New York 1 - Atlanta 0 |
| TOP OF THE 5TH |
|
New York Mets batting - Pitching for Atlanta Braves : RHP Robby Benchio
|
|
Batting: SHB Gus Berry
|
0-0: Ball 1-0: Ball 2-0: Ball 3-0: Called Strike 3-1: SINGLE (Line Drive, 78S, EV 106.9 MPH)
|
|
Batting: LHB Timo Gomez
|
0-0: Ball 1-0: Ball 2-0: Foul Ball, location: 2F 2-1: Foul Ball, location: 2F 2-2: Ball 3-2: Foul Ball, location: 2F 3-2: SINGLE (Groundball, 34D, EV 94.4 MPH) Gus Berry to second Runner from 2nd tries for 3rd, SAFE, throw by RF made to third
|
|
Batting: SHB Tomas Caldera
|
0-0: Ball 1-0: Fielders Choice at 2nd, 5-4 (Groundball, 56, EV 102.5 MPH) Gus Berry scores
|
|
Batting: SHB Sean Cook
|
0-0: Called Strike 0-1: Ball 1-1: Swinging Strike 1-2: Ball 2-2: Strikes out swinging
|
|
Batting: RHB Jeff Jank
|
0-0: Ball 1-0: Called Strike 1-1: Ball 2-1: Called Strike 2-2: Strikes out swinging
|
| Top of the 5th over - 1 run, 2 hits, 0 errors, 1 left on base; New York 2 - Atlanta 0 |
| BOTTOM OF THE 5TH |
|
Atlanta Braves batting - Pitching for New York Mets : LHP Jose Vega
|
|
Batting: SHB Ken Welch
|
0-0: Fly out, F7 (Line Drive, 7, EV 98.1 MPH)
|
|
Batting: RHB Danny Anderson
|
0-0: Called Strike 0-1: Foul Ball, location: 2F 0-2: Ball 1-2: Ground out U3 (Groundball, 34S, EV 65.6 MPH)
|
|
Batting: RHB Itsuo Egami
|
0-0: SINGLE (Groundball, 56D, EV 97.5 MPH)
|
|
Batting: RHB Francisco Hernandez
|
0-0: Ground out 3-1 (Groundball, 34S, EV 84.4 MPH)
|
| Bottom of the 5th over - 0 runs, 1 hit, 0 errors, 1 left on base; New York 2 - Atlanta 0 |
| TOP OF THE 6TH |
|
New York Mets batting - Pitching for Atlanta Braves : RHP Robby Benchio
|
|
Batting: SHB Jonathan Jenkins
|
0-0: Ball 1-0: DOUBLE (Line Drive, 7LD, EV 111.3 MPH)
|
|
Batting: SHB Nelle van den Berg
|
0-0: Ball 1-0: Ball 2-0: Called Strike 2-1: Foul Ball, location: 2F 2-2: Foul Ball, location: 2F 2-2: Ball 3-2: Base on Balls
|
|
Batting: SHB Javy Rosa
|
0-0: Grounds into double play, 6-4-3 (Groundball, 6, EV 90.0 MPH) Jonathan Jenkins to third
|
|
Batting: SHB Harry Hoop
|
0-0: Ball 1-0: Ball 2-0: Ball 3-0: Base on Balls
|
|
Batting: SHB Gus Berry
|
0-0: Ball 1-0: Called Strike 1-1: SINGLE (Groundball, 4MD, EV 103.1 MPH) Jonathan Jenkins scores Harry Hoop to second
|
|
Pitching: RHP Adam Bonawitz
|
|
|
Batting: LHB Timo Gomez
|
0-0: Called Strike 0-1: TRIPLE (Flyball, 8LXD, EV 108.8 MPH) Harry Hoop scores Gus Berry scores
|
|
Batting: SHB Tomas Caldera
|
0-0: Foul Ball, location: 2F 0-1: Ball 1-1: Foul Ball, location: 2F 1-2: Strikes out swinging
|
| Top of the 6th over - 3 runs, 3 hits, 0 errors, 1 left on base; New York 5 - Atlanta 0 |
| BOTTOM OF THE 6TH |
|
Atlanta Braves batting - Pitching for New York Mets : LHP Jose Vega
|
|
Batting: LHB Tom Best
|
0-0: Called Strike 0-1: Called Strike 0-2: Strikes out swinging
|
|
Batting: RHB Kanehisa Kubo
|
0-0: Called Strike 0-1: Foul Ball, location: 2F 0-2: Ball 1-2: Foul Ball, location: 2F 1-2: Foul Ball, location: 2F 1-2: Fly out, F9 (Line Drive, 9D, EV 90.0 MPH)
|
|
Batting: RHB Liangde Li
|
0-0: Ground out 6-3 (Groundball, 6, EV 105.0 MPH)
|
| Bottom of the 6th over - 0 runs, 0 hits, 0 errors, 0 left on base; New York 5 - Atlanta 0 |
| TOP OF THE 7TH |
|
New York Mets batting - Pitching for Atlanta Braves : RHP Adam Bonawitz
|
|
Batting: SHB Sean Cook
|
0-0: Ball 1-0: Ball 2-0: Foul Ball, location: 2F 2-1: Ball 3-1: Base on Balls
|
|
Batting: RHB Jeff Jank
|
0-0: Called Strike 0-1: Ball 1-1: Ball 2-1: Ball 3-1: Called Strike 3-2: Base on Balls Sean Cook to second
|
|
Batting: SHB Jonathan Jenkins
|
0-0: Ball 1-0: Grounds into double play, U6-3 (Groundball, 4M, EV 110.6 MPH) Sean Cook to third
|
|
Batting: SHB Nelle van den Berg
|
0-0: Ball 1-0: Foul Ball, location: 2F 1-1: Foul Ball, location: 2F 1-2: Strikes out swinging
|
| Top of the 7th over - 0 runs, 0 hits, 0 errors, 1 left on base; New York 5 - Atlanta 0 |
| BOTTOM OF THE 7TH |
|
Atlanta Braves batting - Pitching for New York Mets : LHP Jose Vega
|
|
Batting: RHB Tom Beckman
|
0-0: Ball 1-0: SINGLE (Groundball, 56S, EV 73.8 MPH) (infield hit)
|
|
Batting: RHB Butch Kaiser
|
0-0: Ball 1-0: Foul Ball, location: 2F 1-1: Foul Ball, location: 2F 1-2: Ball 2-2: Fielders Choice at 2nd, 3-6 (Groundball, 34, EV 88.8 MPH)
|
|
Batting: SHB Ken Welch
|
0-0: Ball 1-0: Ball Butch Kaiser steals 2nd base 2-0: Called Strike 2-1: Swinging Strike 2-2: Strikes out swinging
|
|
Batting: RHB Danny Anderson
|
0-0: Ground out 6-3 (Groundball, 6, EV 87.5 MPH)
|
| Bottom of the 7th over - 0 runs, 1 hit, 0 errors, 1 left on base; New York 5 - Atlanta 0 |
| TOP OF THE 8TH |
|
New York Mets batting - Pitching for Atlanta Braves : RHP Adam Bonawitz
|
|
Batting: SHB Javy Rosa
|
0-0: Foul Ball, location: 2F 0-1: Ball 1-1: DOUBLE (Flyball, 8RD, EV 100.6 MPH)
|
|
Batting: SHB Harry Hoop
|
0-0: Foul Ball, location: 2F 0-1: Called Strike 0-2: Foul Ball, location: 2F 0-2: Strikes out swinging
|
|
Pitching: LHP Skylar Adams
|
|
|
Batting: SHB Gus Berry
|
0-0: Ball Javy Rosa steals 3rd base 1-0: Ball 2-0: Called Strike 2-1: Ball 3-1: Fly out, F8 (Flyball, 8LXD, EV 99.4 MPH) Runner from 3rd tags up, SCORES, no throw by CF
|
|
Batting: LHB Timo Gomez
|
0-0: Ball 1-0: Ball 2-0: Foul Ball, location: 2F 2-1: Called Strike 2-2: Strikes out swinging
|
| Top of the 8th over - 1 run, 1 hit, 0 errors, 0 left on base; New York 6 - Atlanta 0 |
| BOTTOM OF THE 8TH |
|
Atlanta Braves batting - Pitching for New York Mets : LHP Jose Vega
|
|
Batting: RHB Itsuo Egami
|
0-0: Ball 1-0: Ball 2-0: Called Strike 2-1: Swinging Strike 2-2: Foul Ball, location: 2F 2-2: Strikes out swinging
|
|
Batting: RHB Francisco Hernandez
|
0-0: Ball 1-0: Swinging Strike 1-1: Foul Ball, location: 2F 1-2: Ball 2-2: Foul Ball, location: 2F 2-2: Ball 3-2: Base on Balls
|
|
Batting: LHB Tom Best
|
0-0: Ball 1-0: Foul Ball, location: 2F 1-1: Swinging Strike 1-2: Ball 2-2: Strikes out swinging
|
|
Batting: RHB Kanehisa Kubo
|
0-0: Foul Ball, location: 2F 0-1: SINGLE (Groundball, 56D, EV 95.0 MPH) Francisco Hernandez to second
|
|
Batting: RHB Liangde Li
|
0-0: Called Strike 0-1: Foul Ball, location: 2F 0-2: Ball 1-2: Foul Ball, location: 2F 1-2: Foul Ball, location: 2F 1-2: Ball 2-2: Ball 3-2: Base on Balls Francisco Hernandez to third Kanehisa Kubo to second
|
|
Pitching: LHP Xu-gang Zhou
|
|
|
Batting: RHB Tom Beckman
|
0-0: Called Strike 0-1: Ball 1-1: Ball 2-1: Foul Ball, location: 2F 2-2: SINGLE (Groundball, 34D, EV 96.3 MPH) Francisco Hernandez scores Kanehisa Kubo to third Liangde Li to second Runner from 3rd tries for Home, throw by RF and OUT! 9-2
|
| Bottom of the 8th over - 1 run, 2 hits, 0 errors, 2 left on base; New York 6 - Atlanta 1 |
| TOP OF THE 9TH |
|
New York Mets batting - Pitching for Atlanta Braves : LHP Skylar Adams
|
|
Pinch Hitting: SHB Lewis Thorpe Jr.
|
0-0: Ball 1-0: SINGLE (Groundball, 6M, EV 104.4 MPH) (infield hit)
|
|
Batting: SHB Sean Cook
|
0-0: Ball 1-0: Ball 2-0: Called Strike 2-1: Ball 3-1: Foul Ball, location: 2F 3-2: Foul Ball, location: 2F 3-2: Foul Ball, location: 2F 3-2: Strikes out swinging
|
|
Pitching: RHP Charles Hewson
|
|
|
Batting: RHB Jeff Jank
|
0-0: Ground out 5-3 (Groundball, 56S, EV 66.3 MPH) Lewis Thorpe Jr. to second
|
|
Batting: SHB Jonathan Jenkins
|
0-0: Called Strike 0-1: Swinging Strike 0-2: Ball 1-2: Fly out, F7 (Flyball, 7D, EV 85.0 MPH)
|
| Top of the 9th over - 0 runs, 1 hit, 0 errors, 1 left on base; New York 6 - Atlanta 1 |
| BOTTOM OF THE 9TH |
|
Atlanta Braves batting - Pitching for New York Mets : LHP Xu-gang Zhou
|
|
Now at 3B: Melchor Sovrivilla
|
|
|
Batting: RHB Butch Kaiser
|
0-0: Called Strike 0-1: Ball 1-1: Fly out, F8 (Flyball, 8RM, EV 78.8 MPH)
|
|
Batting: SHB Ken Welch
|
0-0: Called Strike 0-1: Ball 1-1: Ground out 6-3 (Groundball, 6, EV 105.6 MPH)
|
|
Batting: RHB Danny Anderson
|
0-0: Foul Ball, location: 2F 0-1: Foul Ball, location: 2F 0-2: SINGLE (Groundball, 34D, EV 109.4 MPH)
|
|
Batting: RHB Itsuo Egami
|
0-0: Ball 1-0: Ball 2-0: Called Strike 2-1: Foul Ball, location: 2F 2-2: Fly out, F7 (Line Drive, 7D, EV 100.6 MPH)
|
| Bottom of the 9th over - 0 runs, 1 hit, 0 errors, 1 left on base; New York 6 - Atlanta 1 |
|